[Event "3rd Sunway Formentera-A 2024"]
[Site "Formentera"]
[Date "2024.04.18"]
[Round "9.7"]
[White "Prado, Alexandra"]
[Black "Akshit Kumar J"]
[Result "0-1"]
[ECO "B23"]
[WhiteElo "1839"]
[BlackElo "2172"]
[Annotator "TA"]
[PlyCount "108"]
[EventDate "2024.04.03"]
[EventType "swiss"]
[EventCountry "ESP"]
[SourceTitle "playchess.com"]
[Source "ChessBase"]
[SourceQuality "1"]
[TimeControl "40/5400+30:1800+30"]

1. e4 c5 2. Nc3 Nc6 3. Bb5 Nd4 4. Bc4 g6 5. Nge2 Bg7 6. d3 (6. Nxd4 $5 cxd4 7. Qf3 $15) 6... a6 7. a4 e6 8. O-O {[%emt 0:01:40] White has an edge.} Ne7 9. Nxd4 cxd4 10. Ne2 d5 11. exd5 Nxd5 12. Nf4 Nb6 13. Bb3 e5 14. a5 Nd7 (14... O-O $5) 15. Nd5 O-O 16. f4 Nc5 {[%emt 0:22:58] Strongly threatening ...Nxb3.} 17. Bc4 e4 18. dxe4 (18. b3 $16) 18... Nxe4 $11 19. Nb6 Rb8 20. Qf3 Re8 21. f5 gxf5 (21... Bxf5 $11 22. Bf4 Be5) 22. Nxc8 (22. Bf4 $16 Be6 23. Bd3) 22... Rxc8 $14 23. Qxf5 $1 Nd6 24. Bxf7+ {[%emt 0:00:12] This pair of bishops is nice.} ({White should play} 24. Qg4 $1 $16 {[%cal Oc1h6] White threatens Bh6! and mate.} Re4 (24... Rxc4 25. Bh6) 25. Bxf7+ Kh8 26. Qf3) 24... Kh8 (24... Nxf7 $11 25. Qxf7+ Kh8) 25. Qd3 (25. Qg4 $1 $14 Re4 (25... Nxf7 26. Rxf7 Rg8 27. Bg5 $18) 26. Qf3) 25... Nxf7 $11 26. Rxf7 Re1+ 27. Rf1 (27. Kf2 {looks sharper.} Rh1 28. Bg5 Qg8 29. Rxg7 Qf8+ 30. Kg3) 27... Rxf1+ 28. Kxf1 (28. Qxf1 $11 Rxc2 29. Qd3) 28... Qc7 $36 {[%emt 0:00:10][%csl LRc2,LRh2][%mdl 2048] Keeping White busy.} 29. Kg1 Qxc2 30. Qxc2 Rxc2 $15 {[%emt 0:00:07][%mdl 4096] Endgame. KRB-KRB} 31. Bf4 Rxb2 {[%emt 0:02:38] Black is more active.} 32. Rc1 {[%emt 0:00:21] White wants to mate with Rc8+.} Kg8 33. Rc8+ Kf7 34. g4 (34. Rc7+ $17 {is a better defense.} Kg6 35. g4) 34... Ke6 35. Kf1 Bf6 {[%emt 0:01:25] White must now prevent ...d3.} 36. g5 (36. Re8+ {was worth a try.} Kd7 37. Re1) 36... Be7 $19 37. h4 Kf5 38. Rc7 Bd8 $2 (38... Bb4 $19 {and Black stays clearly on top.} 39. Bc1 Rb1) 39. Rf7+ $17 Kg6 $1 40. Rd7 Bxa5 {[%emt 0:00:00] And now ...Kf5 would win.} 41. Rxd4 Bc3 $1 42. Rd6+ {[%emt 0:05:19] This costs White the game.} (42. Rd3 $17 Rc2 43. Bc7) 42... Kf5 $19 43. Bg3 Kg4 44. Bf2 (44. g6 $142 Kxg3 45. Rd3+ Kxh4 46. gxh7) 44... Rd2 45. Re6 b5 $1 46. g6 {[%emt 0:02:24] [#]} hxg6 $1 47. Rxg6+ {[%emt 0:00:15] [#]} Kf4 $1 {[%emt 0:00:04] aiming for ...b4.} 48. Rg8 (48. Re6 $142 Ra2 49. Re2 Ra1+ 50. Kg2) 48... b4 {[%emt 0:01:42] Threatens to win with ...b3.} 49. Rf8+ Ke4 {[%emt 0:00:12] ...b3 would now be deadly.} 50. Re8+ Kd3 51. h5 b3 52. Re3+ Kc2 {[%emt 0:02:29] Black mates.} 53. Be1 b2 54. Bxd2 Bxd2 {[%emt 0:00:08] Weighted Error Value: White=0.61/Black=0.14 (very precise) .  Loses game:     	White=1     	---        Missed win:     	---       	Black=1      Mistake:       	White=9     	Black=2      Inaccurate:     	White=1     	Black=2      OK:         	White=14    	Black=16     Best:        	White=1     	Black=6      Strong:       	White=1     	Black=4} (54... b1=B $2 {is the wrong capture.} 55. Bxc3 Kb3 56. Be1+ Kc4 57. h6 $18) 0-1

[Event "3rd Sunway Formentera-A 2024"]
[Site "Formentera"]
[Date "2024.04.18"]
[Round "9.8"]
[White "Botez, Alexandra"]
[Black "Schulman, Julia"]
[Result "1-0"]
[ECO "A58"]
[WhiteElo "1970"]
[BlackElo "1732"]
[Annotator "TA"]
[PlyCount "119"]
[EventDate "2024.04.03"]
[EventType "swiss"]
[EventCountry "ESP"]
[SourceTitle "playchess.com"]
[Source "ChessBase"]
[SourceQuality "1"]
[TimeControl "40/5400+30:1800+30"]

1. d4 Nf6 2. c4 c5 3. d5 b5 4. cxb5 a6 5. bxa6 g6 6. a7 Rxa7 7. Nc3 d6 8. e4 {[%emt 0:00:54] White is slightly better.} Bg7 9. Nf3 O-O 10. Be2 Nbd7 11. O-O Ra8 12. a4 Ng4 13. Qc2 Nge5 14. Nxe5 Nxe5 15. Nb5 Ba6 16. Bd2 Qb6 (16... c4 $142) 17. Rab1 $16 Rfc8 18. Be3 Qa5 19. f4 Bxb5 20. Bxb5 Ng4 21. Bd2 Bd4+ 22. Kh1 Qb6 23. h3 Nf6 ({Black should play} 23... Ne3 24. Bxe3 Bxe3) 24. b3 $36 {[%emt 0:00:44][%mdl 2048] Black is under strong pressure.} Nh5 25. Rf3 {[%emt 0:02:03] Prevents Ng3+.} Qd8 26. Bc3 Nf6 (26... Bxc3 $142 27. Qxc3 Rcb8) 27. Bxd4 $18 cxd4 28. Bc4 Qb6 29. Qd3 Qb4 30. Rc1 Qc5 31. Rd1 Nd7 32. Qxd4 Qxd4 33. Rxd4 Nc5 34. Bb5 Rcb8 35. e5 Kg7 36. exd6 exd6 37. f5 h5 (37... g5 $142 38. Bc6 Ra5) 38. fxg6 fxg6 39. Rdf4 Ra7 40. h4 Re7 41. Kh2 Re5 42. Rf7+ Kg8 43. Rc7 Rf8 44. Rxf8+ Kxf8 {[%emt 0:00:03][%mdl 4096] Endgame. KRB-KRN} 45. Bc4 Re4 46. g3 Re3 47. a5 {[%emt 0:01:19][%cal Ba4a5,Ba5a6][%mdl 32] [#] b4 is the strong threat.} Re8 48. a6 Ra8 49. a7 Ke8 50. Rh7 {[%emt 0:00:13] White threatens Rh8+ and mate.} Nd7 51. Bb5 (51. Rh8+ Nf8 $16) 51... Rxa7 52. Rxd7 Rxd7 {[%emt 0:00:07] KR-KB} 53. g4 {[%emt 0:00:09] White mates.} Ke7 54. Bxd7 Kxd7 55. gxh5 gxh5 {[%emt 0:00:06] K3P-KPP} 56. Kg3 Kc7 57. Kf4 Kb6 58. Kg5 Kc5 59. Kxh5 Kxd5 60. Kg6 {[%emt 1:40:14] Weighted Error Value: White=0.19 (very precise) /Black=0.35.  Mistake:       	---       	Black=4      Inaccurate:     	---       	Black=4      OK:         	White=14    	Black=7      Best:        	White=1     	---} 1-0

[Event "3rd Sunway Formentera-A 2024"]
[Site "Formentera"]
[Date "2024.04.18"]
[Round "9.9"]
[White "Sosa, Tomas"]
[Black "Song, Yuxin"]
[Result "0-1"]
[ECO "B51"]
[WhiteElo "2562"]
[BlackElo "2379"]
[Annotator "TA"]
[PlyCount "62"]
[EventDate "2024.04.03"]
[EventType "swiss"]
[EventCountry "ESP"]
[SourceTitle "playchess.com"]
[Source "ChessBase"]
[SourceQuality "1"]
[TimeControl "40/5400+30:1800+30"]

1. e4 c5 2. Nf3 d6 3. Bb5+ Nd7 4. c3 Ngf6 5. Qe2 a6 6. Ba4 e6 7. Bc2 b5 8. a4 Bb7 {[%emt 0:00:56] The position is equal.} 9. d4 cxd4 10. cxd4 Be7 11. O-O O-O 12. Nbd2 bxa4 13. e5 (13. Rxa4 $11 a5 14. Bd3) 13... dxe5 $15 14. dxe5 Nd5 15. Ne4 Qc7 16. Neg5 {[%emt 0:16:13] [#]} g6 $1 17. Re1 ({White should try} 17. Bxa4 Nc5 18. Ne4) 17... Rfc8 18. Bxa4 Nc5 {[%emt 0:00:34] Against Qe4. aiming for ...Nxa4.} 19. Bd2 Qb6 20. Bc2 (20. Ne4 $17 {was called for.}) 20... Qxb2 $19 21. Ba5 (21. Rec1 $142) 21... Nf4 22. Qd2 {[%emt 0:01:41] [#]} Ncd3 23. Reb1 $2 (23. Bxd3 Qxd2 24. Bxd2 Nxd3 25. Re3) 23... Qxc2 24. Rxb7 Bxg5 25. Qxc2 Rxc2 26. Nxg5 Rxf2 ({Don't do} 26... Nxf2 27. Rc7 Rxc7 (27... N2h3+ 28. Nxh3 Rxg2+ 29. Kh1 $16) 28. Bxc7 $19) 27. Ne4 $2 (27. g3 Rg2+ 28. Kf1 Rxh2 (28... Nxe5 29. gxf4 Rxh2 30. Bc3 $18) 29. Bb6 Rh1+ 30. Bg1) 27... Ne2+ 28. Kh1 Rf4 {[%emt 0:00:12] Black is clearly winning.} 29. Rd1 Rxe4 30. Rxd3 Ra4 {[%emt 0:00:04] ( -> ...Ra1+)} 31. Be1 Ra1 {[%emt 0:00:03] Prevents Rd1.   Weighted Error Value: White=0.49/Black=0.12 (very precise) .  Mistake:       	White=6     	---        Inaccurate:     	White=1     	Black=1      OK:         	White=4     	Black=14     Best:        	White=3     	Black=2      Strong:       	---       	Black=1} 0-1

[Event "3rd Sunway Formentera-A 2024"]
[Site "Formentera"]
[Date "2024.04.18"]
[Round "9.10"]
[White "Kazarian, Anna-Maja"]
[Black "Manish Anto Cristiano F"]
[Result "1/2-1/2"]
[ECO "E12"]
[WhiteElo "2207"]
[BlackElo "2293"]
[Annotator "TA"]
[PlyCount "88"]
[EventDate "2024.04.03"]
[EventType "swiss"]
[EventCountry "ESP"]
[SourceTitle "playchess.com"]
[Source "ChessBase"]
[SourceQuality "1"]
[TimeControl "40/5400+30:1800+30"]

1. d4 Nf6 2. c4 e6 3. Nf3 d5 4. Nc3 Be7 5. Bg5 O-O 6. e3 b6 7. Bd3 dxc4 8. Bxc4 Bb7 9. O-O Nbd7 10. Qe2 Ne4 11. Bxe7 Nxc3 12. bxc3 Qxe7 13. Ba6 Bxa6 14. Qxa6 c5 15. Qb7 Rfb8 16. Qc7 {[%emt 0:01:06] [#] Black must now prevent Ne5.} Rc8 17. Qb7 Kf8 18. a4 Nf6 19. Qa6 Rab8 20. Ne5 Nd5 21. Qd3 g6 22. e4 Nf6 23. f4 cxd4 24. cxd4 Nd7 25. Qh3 Kg8 26. Nf3 Rc3 27. f5 Qf6 (27... exf5 $11 28. exf5 Re8) 28. fxe6 ({White should play} 28. e5 $16 Qe7 (28... Qxf5 $2 29. Qh4 $18) 29. fxe6 fxe6 30. Rfd1) 28... Qxe6 $11 29. Qh6 {[%emt 0:00:35] Ng5 would now be deadly.} Qxe4 {[%emt 0:00:00] The position is equal.} 30. Rae1 Qd5 31. Ng5 Qxd4+ 32. Kh1 Nf6 33. Nxh7 Ng4 (33... Nxh7 $2 34. Rxf7 Nf8 35. Ref1 $18 (35. Rxa7 $2 {too greedy.} Ra3 $19)) 34. Qh4 $132 {[%emt 0:00:12][%mdl 2048] [#] Nf6+ is the strong threat. White has counterplay. The board is on fire.} Nf2+ $1 35. Qxf2 Qxf2 36. Rxf2 Kxh7 37. Rxf7+ {[%emt 0:00:02][%mdl 4096] Endgame. KRR-KRR} Kh6 38. Rxa7 Re8 39. Rg1 (39. Rxe8 $2 {gets mated.} Rc1+) 39... Re4 40. h3 Ra3 41. Rb1 Ra2 42. Rb3 b5 43. a5 b4 44. Rb7 Rxa5 {[%emt 0:01:44] Weighted Error Value: White=0.11 (very precise) /Black=0.09 (flawless) .  Mistake:       	White=1     	Black=1      Inaccurate:     	White=1     	---        OK:         	White=13    	Black=18     Best:        	White=2     	Black=2} 1/2-1/2

[Event "3rd Sunway Formentera-A 2024"]
[Site "Formentera"]
[Date "2024.04.18"]
[Round "9.11"]
[White "Botez, Andrea"]
[Black "Weidenhoefer, Max"]
[Result "0-1"]
[ECO "D00"]
[WhiteElo "1879"]
[BlackElo "2134"]
[Annotator "TA"]
[PlyCount "86"]
[EventDate "2024.04.03"]
[EventType "swiss"]
[EventCountry "ESP"]
[SourceTitle "playchess.com"]
[Source "ChessBase"]
[SourceQuality "1"]
[TimeControl "40/5400+30:1800+30"]

1. d4 d5 2. Nc3 Nf6 3. Bf4 e6 4. e3 Bb4 5. Bd3 c5 6. dxc5 Nbd7 7. Nf3 Bxc3+ 8. bxc3 {[%emt 0:00:04] Black is slightly better.} Nxc5 9. O-O O-O 10. Bg5 Ncd7 {[%emt 0:31:17] Inhibits Ne5.} 11. c4 dxc4 12. Bxc4 Qc7 13. Qe2 b6 14. e4 Bb7 15. Nd2 Rac8 ({Better is} 15... Qe5 $15 16. Bxf6 Qxf6 (16... Nxf6 17. Bd3 $15)) 16. f3 $11 h6 17. Bh4 Nh5 18. Qe3 Ne5 19. Be2 ({White should try} 19. Bd3 $15) 19... Ng6 20. Bf2 Qxc2 {[%emt 0:00:14] Black is more active.} 21. Rfc1 $2 {[%emt 0:10:45] White does not recover from this.} Qxc1+ $19 22. Rxc1 Rxc1+ 23. Nf1 {[%emt 0:00:15] [#]} (23. Bf1 $142 Nhf4 24. h3) 23... Nhf4 $1 24. Bb5 Rfc8 25. Be1 {[%emt 0:07:56] Repels R8c3} Ra1 26. g3 Nh3+ 27. Kg2 Ng5 (27... Rxa2+ 28. Kxh3 Rc5 29. Be2 $11) 28. Qd2 {[%emt 0:04:10] Prevents Rc2} (28. h4 Rxa2+ 29. Nd2) 28... Rac1 (28... Ne5 $142 29. Be2 f5) 29. Ne3 {[%emt 0:01:07] [#]} f5 $1 {[%emt 0:02:53] And now ...Ne5 would win.} 30. h4 {[%emt 0:04:43] [#]} Nxf3 31. Kxf3 Bxe4+ 32. Ke2 {[%emt 0:00:44] [#]} R1c2 $1 33. Nxc2 Rxc2 34. Qxc2 Bxc2 {[%emt 0:00:02][%mdl 4096] Endgame. KBB-KBN} 35. Bb4 Be4 36. Bd6 Bb7 37. h5 Nf8 38. Be8 Nh7 39. Bb8 Nf6 ({But not} 39... Ba6+ 40. Ke1 $17) 40. Bg6 a6 41. Ke3 Nd5+ 42. Kd4 Nb4 {[%emt 0:00:15] ...Nc6+ is the strong threat.} 43. a4 $2 (43. Bc7) 43... Nc6+ {[%emt 0:00:51] Weighted Error Value: White=0.65/Black=0.38.  Loses game:     	White=1     	---        Mistake:       	White=4     	Black=2      Inaccurate:     	White=3     	Black=1      OK:         	White=15    	Black=13     Best:        	White=2     	Black=4      Brilliant:      	---       	Black=1} 0-1

[Event "3rd Sunway Formentera-A 2024"]
[Site "Formentera"]
[Date "2024.04.18"]
[Round "9.12"]
[White "Serikbay, Assel"]
[Black "Tsatsalashvili, Keti"]
[Result "1-0"]
[ECO "E04"]
[WhiteElo "2109"]
[BlackElo "2315"]
[Annotator "TA"]
[PlyCount "83"]
[EventDate "2024.04.03"]
[EventType "swiss"]
[EventCountry "ESP"]
[SourceTitle "playchess.com"]
[Source "ChessBase"]
[SourceQuality "1"]
[TimeControl "40/5400+30:1800+30"]

1. d4 Nf6 2. c4 e6 3. g3 d5 4. Nf3 dxc4 5. Bg2 a6 6. O-O Nc6 7. e3 Bd7 8. Nbd2 {[%emt 0:03:40] E04: Open Catalan: 5 Nf3.} b5 9. Ne5 Nd5 (9... Nxe5 $5) 10. Nxd7 Qxd7 11. e4 Nb6 12. d5 Ne5 $146 ({Predecessor:} 12... Nb4 13. Bh3 Nd3 14. Nf3 Na4 15. b3 Nac5 16. bxc4 bxc4 17. Ng5 Be7 18. dxe6 fxe6 {½-½ Kostiukova,L (2235)-Charochkina,D (2316) EU-ch (Women) 10th 2009 (6)}) 13. Bh3 h5 14. Nf3 Nxf3+ (14... Bd6 $11) 15. Qxf3 $16 O-O-O {[%emt 0:02:58] [#]} (15... Rd8 $14) 16. Bg5 $1 $18 Re8 $2 (16... Bc5 17. Bxd8 Qxd8 18. Qxf7 Kb8 19. dxe6 (19. Qxe6 Bd4 $18) 19... h4) 17. Rfd1 $18 f5 (17... Bd6 18. e5) 18. dxe6 (18. exf5 exd5 19. b3 cxb3 $14) 18... Qc6 19. Qxf5 Be7 20. Bxe7 Rxe7 21. e5 Kb8 22. Rd2 Ka7 23. Rad1 h4 24. Rd8 Rxd8 25. Rxd8 c3 (25... b4 $142 26. Rh8 (26. gxh4 c3 $18) 26... c3 27. bxc3 (27. gxh4 $2 c2 $19) (27. Qf8 Qe8 $18) 27... bxc3) 26. Qc2 $18 (26. gxh4 $2 c2 (26... cxb2 $2 27. Rd1 $19) 27. Bg4 c1=Q+ $19 (27... c1=R+ $2 28. Rd1 $19) (27... g6 $2 28. Qxg6 c1=Q+ 29. Rd1 $19)) 26... b4 27. bxc3 (27. gxh4 Qc5 28. bxc3 bxc3 $16) 27... bxc3 28. Rd3 (28. gxh4 Qc5 29. Rd3 Qxe5 $18) 28... Nd5 29. Bg2 (29. gxh4 Qc4 $16) 29... Nb4 30. Bxc6 (30. Qxc3 Qxc3 31. Rxc3 Nxa2 $18) 30... Nxc2 31. Bd7 (31. gxh4 Rxe6 32. Bg2 (32. Rxc3 Nd4 $18) 32... Rxe5 33. Rxc3 Nd4 34. Rxc7+ Kb6 $18) (31. Rxc3 Nd4 $18) 31... Kb6 32. f4 (32. Rxc3 Nd4 $18) (32. gxh4 c5 33. Rxc3 Nd4 $18) 32... c5 33. Rxc3 Nd4 34. Kf2 ({Weaker is} 34. gxh4 Ne2+ (34... Nxe6 $2 {is the wrong capture.} 35. Bxe6 Rxe6 36. Kf2 $18) 35. Kf2 Nxc3 $17) (34. Kg2 hxg3 35. hxg3 (35. Rxg3 c4 $16) 35... a5) 34... hxg3+ 35. hxg3 (35. Rxg3 c4 36. Ke3 Nf5+ 37. Ke4 Nxg3+ 38. hxg3 g6) 35... g6 (35... Nxe6 $142 36. Bxe6 Rxe6) 36. Ke3 $18 Nf5+ 37. Ke4 Rh7 38. Be8 Ne7 39. Rb3+ Ka5 40. Rb7 c4 41. Bf7 Nf5 42. g4 1-0

[Event "3rd Sunway Formentera-A 2024"]
[Site "Formentera"]
[Date "2024.04.19"]
[Round "10.1"]
[White "Alsina Leal, Daniel"]
[Black "Donchenko, Alexander"]
[Result "0-1"]
[ECO "B51"]
[WhiteElo "2497"]
[BlackElo "2633"]
[Annotator "TA"]
[PlyCount "132"]
[EventDate "2024.04.03"]
[EventType "swiss"]
[EventCountry "ESP"]
[SourceTitle "playchess.com"]
[Source "ChessBase"]
[SourceQuality "1"]
[TimeControl "40/5400+30:1800+30"]

1. e4 c5 2. Nf3 d6 3. Bb5+ Nd7 4. O-O a6 5. Bd3 Ngf6 6. Re1 e6 7. c3 b5 8. Bc2 {[%emt 0:00:26] The position is equal.} c4 9. a4 Bb7 10. d4 cxd3 11. Qxd3 Nc5 12. Qe2 Nxa4 13. Rxa4 (13. e5 {deserves consideration.} Nd7 14. Bg5) 13... bxa4 $11 14. Bxa4+ Nd7 15. e5 Qc7 16. Bf4 Bxf3 17. Qxf3 d5 18. Nd2 Rd8 19. h4 Be7 20. Qg4 Kf8 21. h5 Nc5 ({Black should try} 21... h6 $17 22. Re3 Kg8) 22. Bc2 d4 {[%emt 0:01:03] Repels Re3} 23. cxd4 Rxd4 24. Qf3 Qd8 (24... g5 $17 25. Be3 Qxe5) 25. Be3 Nd3 $1 (25... Rxd2 $2 26. Bxd2 Nd7 (26... Qxd2 $2 27. Rd1 $18) 27. Bc3 $18) 26. Bxd3 Rxd3 27. Rc1 h6 (27... Rxd2 28. Bxd2 h6 (28... Qxd2 $2 29. Rd1 $18) 29. Be1 $18) (27... f5 $1 $17 28. Qb7 (28. exf6 gxf6 29. Ne4 Rg8 $17) 28... Rd7 (28... Rxd2 29. Rc8 $14) 29. Qxa6 Kf7 (29... Rxd2 30. Rc8 $16)) 28. Qb7 {[%emt 0:00:26] Rc8 would now be deadly.} Qd5 (28... Rxd2 $2 29. Rc8 $18) 29. Qc8+ (29. Rc8+ $11 {keeps the balance.} Bd8 30. Qc7) 29... Bd8 $17 {[%emt 0:01:32][%cal Od3e3] Strongly threatening ...Rxe3!} 30. Qc2 Kg8 31. Nc4 Be7 32. Ra1 Bg5 33. Ra5 $2 (33. Bb6 $17) 33... Rd1+ $1 $19 34. Kh2 Qd3 (34... Qd8 $142 35. Qe4 Bxe3 36. fxe3 Qg5 37. Qa8+ Rd8) 35. Qxd3 Rxd3 36. Bc5 Rd5 37. b4 Bf4+ 38. g3 Bxe5 {[%emt 0:00:03] ...Bd4 is the strong threat.} 39. Ne3 Rd7 40. Rxa6 Bd4 41. Bxd4 Rxd4 {[%emt 0:00:52][%mdl 4096] Endgame. KRR-KRN} 42. b5 Rb4 43. Rb6 Kh7 44. Rb7 Rf8 45. Kh3 Rd4 46. f4 $2 (46. Rc7) 46... Rdd8 47. b6 Rb8 48. Rxb8 Rxb8 {[%emt 0:00:05] KR-KN} 49. Nc4 Kg8 50. Kg4 Rc8 51. b7 Rb8 (51... Rxc4 52. b8=Q+ (52. b8=B $2 {loses.} Rc1 $19) 52... Kh7 53. Qa7 f5+ 54. Kh3 $18) 52. Na5 f6 53. f5 $2 (53. Kf3 Kf8 54. Ke4) 53... e5 $1 54. Kf3 Kf8 55. Ke4 {[%emt 0:00:16] [#]} Ke8 $1 56. Kd5 Kd7 57. Nb3 Rxb7 58. Nc5+ {[%emt 0:00:04] [#]} Kc8 $2 (58... Kc7 $1 $19 59. Ne6+ (59. Nxb7 $2 Kxb7 60. Kc5 Ka6 $19) 59... Kc8) 59. Nxb7 $11 Kxb7 {[%emt 0:00:02] KP-KP} 60. Kc5 Ka6 {[%emt 0:00:29] ( -> ...Ka5)} 61. Kc4 $2 (61. Kb4 $11 Kb6 62. Kc3) 61... Kb6 $19 62. Kb4 Kc6 {[%emt 0:00:07] Black mates.} 63. Kc4 Kd6 64. Kc3 Kc5 65. Kd3 Kd5 66. Ke3 e4 {[%emt 0:00:15] Weighted Error Value: White=0.38/Black=0.23 (precise) .  Loses game:     	White=2     	---        Mistake:       	White=4     	Black=4      Inaccurate:     	White=6     	Black=2      OK:         	White=16    	Black=25     Best:        	White=6     	Black=7      Strong:       	---       	Black=3} 0-1

[Event "3rd Sunway Formentera-A 2024"]
[Site "Formentera"]
[Date "2024.04.19"]
[Round "10.2"]
[White "Ivanchuk, Vasyl"]
[Black "Xiao, Tong(Qd)"]
[Result "1/2-1/2"]
[ECO "D53"]
[WhiteElo "2611"]
[BlackElo "2484"]
[Annotator "TA"]
[PlyCount "123"]
[EventDate "2024.04.03"]
[EventType "swiss"]
[EventCountry "ESP"]
[SourceTitle "playchess.com"]
[Source "ChessBase"]
[SourceQuality "1"]
[TimeControl "40/5400+30:1800+30"]

1. d4 Nf6 2. c4 e6 3. Nf3 d5 4. Nc3 Be7 5. Qc2 O-O 6. Bg5 c5 7. dxc5 Qa5 8. cxd5 exd5 9. e3 h6 10. Bh4 {[%emt 0:00:57] White is slightly better.} Qxc5 11. a3 Be6 12. Bd3 a6 13. Rd1 Nbd7 14. O-O Rac8 15. Nd4 b5 16. Qb1 Qb6 17. a4 b4 18. Nce2 Rfe8 19. Nf4 {[%emt 0:08:00] Nfxe6 is the strong threat.} Nf8 (19... Nc5 $11 {keeps the balance.}) 20. h3 {[%emt 0:02:41] White is more active.} N6d7 21. Bxe7 Rxe7 22. Be2 Ree8 23. Nb3 Nc5 {[%emt 0:01:47] Prevents Qd3.} 24. a5 (24. Nxd5 $2 Bxd5 (24... Nxa4 $2 25. Nxb6 Nxb6 26. Nd4 $18) 25. Rxd5 Nxb3 $19) 24... Qd8 25. Qa2 Nxb3 26. Qxb3 Qxa5 27. Ra1 (27. Nxd5 Qc5 $11) 27... Qc5 28. Bxa6 Rb8 29. Rfc1 Qd6 30. Qd1 Ra8 31. Bb7 Rxa1 32. Rxa1 Qe5 33. Qd2 (33. Bxd5 $6 Rd8 $11) 33... Rb8 34. Bxd5 (34. Qxb4 Bc8 35. Ra7 Qc7 36. Nxd5 Rxb7 37. Nxc7 (37. Ne7+ $2 Kh7 $19) 37... Rxb4 $17) 34... Rd8 35. Ra5 $1 Qe4 36. f3 (36. Rb5 $142) 36... Qb1+ $16 37. Kh2 b3 (37... g5 $16 {was called for.}) 38. Qd4 (38. Rb5 $18) 38... Bxd5 39. Nxd5 {[%emt 0:00:33] White wants to mate with Ne7+.} Ne6 40. Qe5 Qc2 41. Rb5 Ng5 (41... Qd3 $16 {might work better.} 42. Rb8 Rxb8 43. Qxb8+ Kh7) 42. Kg3 $18 Kh7 43. e4 Qd1 44. h4 $2 (44. Qf5+ $18 Kh8 45. Kh2) 44... Ne6 $2 (44... Qe1+ $11 {and Black has nothing to worry.} 45. Kg4 h5+ 46. Kxg5 Qd2+ 47. Kf5 (47. Kxh5 $2 Rxd5 48. Qxd5 Qf4 $19) 47... g6+ 48. Kf6 Qh6) 45. Rb7 Rf8 {[%emt 0:01:48] [#]} 46. Kh2 $2 (46. Qf5+ $1 $18 {is the precise move to win.} Kg8 47. Rxf7 Qe1+ 48. Kg4 Rxf7 49. Qxe6 h5+ 50. Kxh5 g6+ 51. Qxg6+ (51. Kxg6 Qg3+ 52. Kh5 Kh8 $11) 51... Kh8 52. Nf6 (52. Qxf7 Qxh4+ 53. Kg6 Qg5+ 54. Kxg5 $11) 52... Qa5+ 53. Qg5 Qxg5+ 54. hxg5) 46... Nd4 $16 {[%emt 0:02:27] [#]} 47. Rd7 (47. Nf4 $1 $16) 47... Qe1 $1 $14 (47... Qd2 48. Nf6+ gxf6 49. Qxd4 Qf4+ 50. Kh3 $11) 48. Qg3 (48. Qxd4 Qxh4+ 49. Kg1 Qe1+ 50. Kh2 Qh4+ 51. Kg1 Qe1+ 52. Kh2 Qh4+ $11) ({White should play} 48. Nf4 $1 $14 Ne2 (48... Qxh4+ 49. Nh3 $11) 49. Qf5+ Kg8 50. Nxe2 Qxe2 51. Qe5) 48... Qb1 (48... Qd2 $11) 49. Qf2 $16 Ne6 50. h5 (50. Qd2 $16) 50... Qc2 $11 51. Kg3 Qc1 (51... f5 {is more complex.} 52. Qb6 Qc1 53. f4 Qe1+) 52. Ne3 Rc8 {[%emt 0:01:09][%cal Oc8c2] Strongly threatening ...Rc2!} 53. Qd2 {[%emt 0:00:27][%cal Od2c1] Hoping for Qxc1!} (53. Rxf7 $2 {too greedy.} Rc2 54. Nxc2 bxc2 $19 (54... Qg5+ 55. Kh2 $15)) 53... Qc5 54. Rd5 (54. Rxf7 $2 {loses.} Qg5+ 55. Kf2 Rc2 $19 (55... Qxh5 56. Rd7 $11)) 54... Qa7 55. e5 (55. Kg4 $14) 55... Qa4 {[%emt 0:00:20] ...Qf4+ would now be deadly. The position is equal.} 56. Qd3+ Kh8 57. Qf5 {[%emt 0:00:14] Wards off Qf4+} Qa1 {[%emt 0:01:26] White must now prevent ...Qe1+.} 58. Qxf7 Qe1+ 59. Kg4 Qb4+ $1 60. Kg3 (60. f4 $5 Rf8 $8 61. Qxe6 Qxf4+ 62. Kh3 Qxe3+ 63. Kh2 $17) 60... Qe1+ 61. Kg4 Qb4+ $1 62. Kg3 {[%emt 0:01:09] Blacks defense is rewarded with a draw.   Weighted Error Value: White=0.30/Black=0.27 (precise) .  Loses game:     	---       	Black=1      Missed win:     	White=2     	---        Mistake:       	White=6     	Black=4      Inaccurate:     	White=1     	Black=5      OK:         	White=22    	Black=16     Best:        	White=6     	Black=7      Strong:       	White=1     	Black=3} (62. f4 $5 Rf8 $8 63. Qxe6 Qxf4+ 64. Kh3 Qxe3+ 65. Kh2 $17) 1/2-1/2